 Dungeon Crawl Stone Soup version 0.30-a0-630-g881e3bac89 (webtiles) character file.

Game seed: 14160807905770134810

2 CoinPitGoblin the Chiller (level 1, -1/15 HPs)
             Began as a Naga Ice Elementalist on Jan 13, 2023.
             Slain by a gnoll
             ... wielding a +0 whip
              (5 damage)
             ... on level 1 of the Dungeon.
             The game lasted 00:00:28 (119 turns).

CoinPitGoblin the Chiller (Naga Ice Elementalist)    Turns: 119, Time: 00:00:29

Health: -1/15      AC:  1    Str: 10    XL:     1   Next: 30%
Magic:  1/3        EV:  9    Int: 15    God:
Gold:   0          SH:  0    Dex: 11    Spells: 3/4 levels left

rFire   . . .      SeeInvis +    c - +0 short sword
rCold   . . .      Faith    .    (no shield)
rNeg    . . .      Spirit   .    a - +0 robe
rPois   +          Reflect  .    (no helmet)
rElec   .          Harm     .    (no cloak)
rCorr   .          Rampage  .    (no gloves)
Will    .....                    (no barding)
Stlth   ++                       (no amulet)
HPRegen 0.22/turn                (no ring)
MPRegen 0.08/turn                (no ring)

@: very slow
A: AC +0, large, see invisible, deformed body, poison resistance, slowness 2,
spit poison 1, naga tail 1
a: Spit Poison


You were on level 1 of the Dungeon.
You visited 1 branch of the dungeon, and saw 1 of its levels.

Inventory:

Hand Weapons
 c - a +0 short sword (weapon)
Armour
 a - a +0 robe (worn)
Potions
 b - a potion of magic


   Skills:
 + Level 1.6 Dodging
 + Level 3.0 Stealth
 + Level 2.0 Spellcasting
 + Level 4.0 Ice Magic


You had 3 spell levels left.
You knew the following spells:

 Your Spells              Type           Power      Damage    Failure   Level
a - Freeze                Ice            52%        1d6       4%          1

Your spell library contained the following spells:

 Spells                   Type           Power      Damage    Failure   Level
 Frozen Ramparts          Ice            26%        1d4       13%         3
 Ozocubu's Armour         Ice            13%        N/A       13%         3
 Summon Ice Beast         Ice/Summ       7%         N/A       67%         4


Dungeon Overview and Level Annotations

Branches:
Dungeon (1/15)

Altars:


Innate Abilities, Weirdness & Mutations

Your serpentine skin is tough. (AC +0)
You have supernaturally acute eyesight. (SInv)
Armour fits poorly on your strangely shaped body.
Your system is resistant to poisons. (rPois)
You cover ground very slowly.
You can spit poison.
You have a snake-like lower body.


Message History

You open the door.
A giant cockroach comes into view.
A giant cockroach is nearby!
A giant cockroach is nearby!
There is an open door here.
The giant cockroach barely misses you. The giant cockroach bites you.
You freeze the giant cockroach.
You kill the giant cockroach!
HP restored.
Magic restored.
Found a stone staircase leading down.
Found a faded altar of an unknown god.
Found a stone staircase leading down.
A rat comes into view.
A rat is nearby!
There is a stone staircase leading down here.
Found a short sword.
You freeze the rat.
You kill the rat!
You see here a +0 short sword.
c - a +0 short sword
c - a +0 short sword (weapon)
A gnoll comes into view. It is wielding a +0 whip.
The gnoll shouts!
A gnoll is nearby!
The gnoll hits you with a +0 whip!
You freeze the gnoll.
The gnoll is lightly wounded.
The gnoll hits you with a +0 whip.
* * * LOW HITPOINT WARNING * * *
You are too injured to fight recklessly!
Casting: Freeze (safe; 4% risk of failure)
Confirm with . or Enter, or press ? or * to list all spells.
Aiming: Freeze (safe; 4% risk of failure)
Press: ? - help, Shift-Dir - straight line, f/p - gnoll
Aim: a gnoll, wielding a +0 whip (lightly wounded)
You freeze the gnoll.
The gnoll is moderately wounded.
The gnoll hits you with a +0 whip.
You die...

..>.......#####..#.###
#######..######..#.#
#####..........#.#
#................#
#.################ #.#
#.## #######
#.#.###g......
#.##.#@# .#######>#
#.## .........###.#
......†......#
##############


You could see a gnoll.

Vanquished Creatures
  A giant cockroach (D:1)
  A rat (D:1)
2 creatures vanquished.

Notes
Turn   | Place    | Note
-------+----------+-------------------------------------------
     0 | D:1      | CoinPitGoblin the Naga Ice Elementalist began the quest for
                  | the Orb.
     0 | D:1      | Reached XP level 1. HP: 15/15 MP: 3/3
    41 | D:1      | Found a faded altar of an unknown god.
   119 | D:1      | Slain by a gnoll

Illustrated notes

Levels and vault maps discovered:
D:1:      psy_arrival_fountain, layout_loops_ring, serial_shops,
          nicolae_shop_window_shopping, hellmonk_ecumenical_altar_leap_of_faith

Action                   || total
-------------------------++-------
 Cast: Freeze            ||     4
Dodge: Dodged            ||     1

Table legend: (Time is in decaauts)
 A = Elapsed time spent in this place.
 B = Non-inter-level travel time spent in this place.
 C = Inter-level travel time spent in this place.
 D = Time resting spent in this place.
 E = Time spent auto-exploring this place.
 F = Levels seen in this place.
 G = Mean time per level.
                   A        B        C        D        E       F      G
               +--------+--------+--------+--------+--------+-----+--------+
         Total |    157 |    157 |      0 |      0 |    129 |   1 |  157.0 |
       Dungeon |    157 |    157 |      0 |      0 |    129 |   1 |  157.0 |
               +--------+--------+--------+--------+--------+-----+--------+

Top non-repeatable levels by time:
     D:1: 157 daAuts
